 Dungeon Crawl Stone Soup version 0.20.1-1-g8b1a95d (webtiles) character file.

18 Andry07 the Skirmisher (level 2, 0/20 HPs)
             Began as a Gargoyle Fighter on Oct 4, 2017.
             Slain by a jackal (1 damage)
             ... on level 1 of the Dungeon.
             The game lasted 00:00:31 (252 turns).

Andry07 the Skirmisher (Gargoyle Fighter)            Turns: 252, Time: 00:00:31

Health: 0/20       AC:  9    Str: 19    XL:     2   Next: 70%
Magic:  2/2        EV:  7    Int:  8    God:
Gold:   12         SH:  9    Dex:  9    Spells: 1/1 levels left

rFire    . . .     SeeInvis .   a - +0 flail
rCold    . . .     Gourm    .   c - +0 shield
rNeg     + . .     Faith    .   b - +0 scale mail
rPois    ∞         Spirit   .   (no helmet)
rElec    +         Reflect  .   (no cloak)
rCorr    .         Harm     .   (no gloves)
MR       .....                  (no boots)
Stlth    ..........             (no amulet)
Regen    0.1/turn               (no ring)
MPRegen  0.1/turn               (no ring)

@: no status effects
A: negative energy resistance 1, electricity resistance, unbreathing,
petrification resistance, rot immunity, AC +2
a: no special abilities


You were on level 1 of the Dungeon.
You were not hungry.

You visited 1 branch of the dungeon, and saw 1 of its levels.

You collected 12 gold pieces.

Inventory:

Hand Weapons
 a - a +0 flail (weapon)
Armour
 b - a +0 scale mail (worn)
 c - a +0 shield (worn)
Scrolls
 e - 2 scrolls of remove curse {unknown}
 g - a scroll of noise {unknown}
 h - a scroll of teleportation {unknown}
 j - a scroll of magic mapping {unknown}
Potions
 d - a potion of might
 i - a potion of curing {unknown}
 k - a potion of lignification {unknown}
Comestibles
 f - a bread ration
 l - a meat ration
 m - 4 fruits


   Skills:
 + Level 4.3 Fighting
 - Level 2.0 Maces & Flails
 - Level 3.2 Armour
 - Level 3.2 Shields


You had one spell level left.
You didn't know any spells.

Dungeon Overview and Level Annotations

Branches:
Dungeon (1/15)

Altars:


Innate Abilities, Weirdness & Mutations

You are resistant to torment.
Your stone body is resilient. (AC +2)
You are immune to poison.
You resist negative energy. (rN+)
You are resistant to electric shocks. (rElec)
You can survive without breathing.
You are immune to petrification.
You are immune to rotting.


Message History

The jackal is moderately wounded.
You block the jackal's attack. You block the hobgoblin's attack.
The frilled lizard closely misses you. The jackal bites you.
* * * LOW HITPOINT WARNING * * *
You closely miss the jackal.
The jackal is moderately wounded.
The hobgoblin hits you but does no damage.
The jackal bites you but does no damage.
You block the frilled lizard's attack. You block the hobgoblin's attack.
The jackal bites you but does no damage.
You block the frilled lizard's attack.
You hit the jackal but do no damage.
The jackal is moderately wounded.
You block the jackal's attack.
The giant cockroach waves its antennae.
The hobgoblin completely misses you. The frilled lizard bites you.
* * * LOW HITPOINT WARNING * * *
The jackal barely misses you.
You miss the frilled lizard. The jackal bites you.
You die...

#.#........#.....##..
#.#........#.....#..#
#.##.(.....####......
#.##.......# ##..)#.
#.##.......# #.....
#(##.......# #..#..
#.. #.......# .......
###.###.......#
#.#.#.##
......g@#######
#.#.#.# ......lh# #
#. .. .[.....s#
........# .........
...$....# .#.#.#.#.
....>.. . .#.#.#. .


You could see a jackal, a giant cockroach, a hobgoblin and a frilled lizard.

Vanquished Creatures
  A ball python (D:1)
  2 bats (D:1)
  A goblin (D:1)
  3 hobgoblins (D:1)
  3 jackals (D:1)
  2 kobolds (D:1)
  2 frilled lizards (D:1)
  2 rats (D:1)
16 creatures vanquished.

Notes
Turn   | Place    | Note
-------+----------+-------------------------------------------
     0 | D:1      | Andry07 the Gargoyle Fighter began the quest for the Orb.
     0 | D:1      | Reached XP level 1. HP: 14/14 MP: 1/1
   153 | D:1      | Reached XP level 2. HP: 19/20 MP: 2/2
   163 | D:1      | Reached skill level 4 in Fighting
   251 | D:1      | HP: 1/20 [frilled lizard (1)]
   252 | D:1      | Slain by a jackal

Skill      XL: |  1  2 |
---------------+-------+-----
Fighting       | 4 |  4.3
Maces & Flails | |  2.0
Armour         | |  3.2
Shields        | |  3.2

Action                   || total
-------------------------++-------
Melee: Flail             ||    62
Armor: Scale mail        ||    70
Dodge: Dodged            ||    51
Block: Shield            ||    61
